 Dungeon Crawl Stone Soup version 0.23.0 (webtiles) character file.

Game seed: 9440559206114511380

3862 marthius the Fighter (level 10, -3/91 HPs)
             Began as a Hill Orc Fighter on Feb 11, 2019.
             Was a Believer of Makhleb.
             Killed from afar by an electric eel (11 damage)
             ... with a bolt of electricity
             ... on level 8 of the Dungeon.
             The game lasted 00:36:38 (9569 turns).

marthius the Fighter (Hill Orc Fighter)             Turns: 9569, Time: 00:36:38

Health: -3/91      AC: 15    Str: 23    XL:     10   Next: 18%
Magic:  0/11       EV:  7    Int:  8    God:    Makhleb [**....]
Gold:   239        SH:  0    Dex: 10    Spells: 9/9 levels left

rFire    . . .     SeeInvis .   k - +0 glaive
rCold    . . .     Gourm    .   (shield currently unavailable)
rNeg     . . .     Faith    .   x - +0 plate armour
rPois    .         Spirit   +   (no helmet)
rElec    .         Reflect  .   (no cloak)
rCorr    .         Harm     .   m - +0 pair of gloves
MR       .....                  (no boots)
Stlth    ..........             q - amulet of guardian spirit
HPRegen  0.25/turn              (no ring)
MPRegen  0.12/turn              (no ring)

@: about to teleport, very slow
A: no striking features
a: Minor Destruction, Renounce Religion


You were on level 8 of the Dungeon.
You worshipped Makhleb.
Makhleb was pleased with you.
You were not hungry.

You visited 2 branches of the dungeon, and saw 9 of its levels.
You also visited: Sewer.

You collected 239 gold pieces.

Inventory:

Hand Weapons
 a - a +0 trident
 k - a +0 glaive (weapon)
Missiles
 n - 210 stones (quivered)
Armour
 c - a +0 shield
 i - a +0 chain mail
 m - a +0 pair of gloves (worn)
 r - the +4 ring mail "Keam" {SInv}
   (You took it off an orc on level 6 of the Dungeon)

   It lets you see invisible.
 x - a +0 plate armour (worn)
Jewellery
 q - an amulet of guardian spirit (around neck)
Wands
 d - a wand of random effects (21)
 o - a wand of disintegration (5)
 p - a wand of paralysis (4)
 t - a wand of flame (17)
 v - a wand of enslavement (4)
Scrolls
 g - 2 scrolls of amnesia {unknown}
 h - 2 scrolls of enchant weapon {unknown}
 j - 2 scrolls of teleportation
 s - 2 scrolls of fear {unknown}
 u - 2 scrolls of blinking {unknown}
 w - 3 scrolls of remove curse {unknown}
Potions
 b - 4 potions of brilliance
 l - 4 potions of curing
Comestibles
 f - 22 rations
 z - 9 chunks of flesh


   Skills:
 + Level 9.5 Fighting
 + Level 8.2 Polearms
 + Level 8.6 Armour
 - Level 8.2 Shields
 + Level 1.8 Invocations


You had 9 spell levels left.
You didn't know any spells.
Your spell library contained the following spells:

 Spells                   Type           Power        Failure   Level  Hunger
 Animate Skeleton         Necr           N/A          99%         1    ##.....
 Pain                     Necr           #...         99%         1    ##.....
 Sandblast                Erth           #.....       99%         1    ##.....
 Passwall                 Tmut/Erth      #.......     100%        2    ###....
 Regeneration             Chrm/Necr      #.........   100%        3    ####...
 Stone Arrow              Conj/Erth      #.....       100%        3    ####...
 Vampiric Draining        Necr           #.........   100%        3    ####...
 Animate Dead             Necr           N/A          100%        4    #####..
 Petrify                  Tmut/Erth      #.......     100%        4    #####..
 Lee's Rapid Deconstruct  Erth           #.........   100%        5    ######.


Dungeon Overview and Level Annotations

Branches:
Dungeon (8/15)             Temple (1/1) D:4            Lair (0/6) D:8

Altars:
Ashenzari
Cheibriados
Dithmenos
Elyvilon
Fedhas
Gozag
Hepliaklqana
Kikubaaqudgha
Makhleb
Nemelex Xobeh
Okawaru
Qazlal
Ru
Sif Muna
Trog
Uskayaw
Vehumet
Wu Jian
Xom
Yredelemnul
Zin
The Shining One

Shops:
D:4 [

Annotations:
D:2 Robin
D:4 2 runed translucent doors, melvinkitnick's ghost, amateur SpEn


Message History

The bolt of electricity hits the plant.
The bolt of electricity hits the electric eel.
The electric eel completely resists.
The bolt of electricity hits you.
* * * LOW HITPOINT WARNING * * *
The bolt of electricity misses you.
You feel much better.
The electric eel shoots out a bolt of lightning at you!
The bolt of electricity hits the plant.
The bolt of electricity hits the plant!
The bolt of electricity hits you!
The electric eel shoots out a bolt of lightning at you!
The bolt of electricity hits you!
* * * LOW HITPOINT WARNING * * *
The bolt of electricity hits you.
* * * LOW HITPOINT WARNING * * *
The bolt of electricity misses the electric eel.
The electric eel shoots out a bolt of lightning at you!
The bolt of electricity hits the plant!
The bolt of electricity hits you.
* * * LOW HITPOINT WARNING * * *
The bolt of electricity hits you!
You die...
PP PP..

♣PP;#
≈≈P.P#####
♣≈♣≈..≈PP##
≈;≈≈;≈≈≈≈P#
P≈PP≈P♣;≈≈#
.PPPP.≈@P≈#
........###
#########


You could see 4 electric eels.

Vanquished Creatures
  Pikel (D:4)
  Grinder (D:3)
  5 yaks
  A basilisk (D:8)
  Edmund (D:4)
  2 ice beasts
  An orc warrior (D:7)
  3 phantoms
  2 ogres
  2 sky beasts
  A centaur (D:5)
  A bullfrog (D:6)
  2 scorpions
  A howler monkey (D:4)
  3 crimson imps
  A bullfrog zombie (D:5)
  5 hounds
  A quasit (D:5)
  A bullfrog skeleton (D:5)
  A centaur skeleton (D:5)
  2 jellies (D:6)
  3 orc priests
  Ijyb (D:4)
  Terence (D:3)
  An iguana (D:5)
  4 orc wizards
  4 worker ants
  A hound skeleton (D:4)
  12 adders
  A river rat (D:5)
  2 shadow imps (D:7)
  3 oozes
  2 adder skeletons
  An adder zombie (D:5)
  2 worms
  A dart slug (D:2)
  4 leopard geckos
  16 orcs
  6 bats
  6 giant cockroaches
  7 goblins
  11 hobgoblins
  13 jackals
  6 quokkas
  5 ball pythons
  8 frilled lizards
  A jackal skeleton (D:5)
  9 kobolds
  6 rats
  3 plants (Sewer)
178 creatures vanquished.

Notes
Turn   | Place    | Note
-------+----------+-------------------------------------------
     0 | D:1      | marthius the Hill Orc Fighter began the quest for the Orb.
     0 | D:1      | Reached XP level 1. HP: 19/19 MP: 1/1
   101 | D:1      | Reached XP level 2. HP: 26/27 MP: 2/2
   262 | D:1      | Reached skill level 4 in Fighting
   475 | D:1      | Reached XP level 3. HP: 26/33 MP: 3/3
   725 | D:2      | Found a shattered altar of Ashenzari.
   940 | D:2      | Reached XP level 4. HP: 39/41 MP: 4/4
   973 | D:2      | Found a faded altar of an unknown god.
  1046 | D:2      | Noticed Robin
  1329 | D:3      | Noticed Terence
  1349 | D:3      | Killed Terence
  1809 | D:3      | Reached XP level 5. HP: 34/47 MP: 5/5
  1971 | D:3      | Noticed Grinder
  1971 | D:3      | Paralysed by Grinder for 5 turns
  2000 | D:3      | Killed Grinder
  2000 | D:3      | Reached skill level 5 in Fighting
  2000 | D:3      | Reached XP level 6. HP: 25/56 MP: 6/6
  3063 | D:4      | Found a bloodstained altar of Trog.
  3063 | D:4      | Noticed a phantom
  3108 | D:4      | Killed a phantom
  3108 | D:4      | Reached skill level 5 in Armour
  3108 | D:4      | Reached XP level 7. HP: 37/62 MP: 7/7
  3244 | D:4      | Found Plog's Antique Armour Boutique.
  3321 | D:4      | Noticed Ijyb
  3324 | D:4      | Found a glowing silver altar of Zin.
  3339 | D:4      | Killed Ijyb
  3407 | D:4      | Reached skill level 5 in Shields
  3459 | D:4      | Reached skill level 6 in Fighting
  3472 | D:4      | Found an ancient bone altar of Kikubaaqudgha.
  3497 | D:4      | Noticed Edmund
  3511 | D:4      | Killed Edmund
  3793 | D:4      | Found a runed translucent door.
  3798 | D:4      | Noticed melvinkitnick's ghost (amateur SpEn)
  3837 | D:4      | Reached skill level 5 in Polearms
  3937 | D:4      | Noticed Pikel
  3964 | D:4      | Killed Pikel
  3964 | D:4      | Reached skill level 7 in Fighting
  3964 | D:4      | Reached XP level 8. HP: 50/73 MP: 8/8
  4088 | D:4      | Found a staircase to the Ecumenical Temple.
  4099 | Temple   | Entered the Ecumenical Temple
  4291 | Temple   | Became a worshipper of Makhleb the Destroyer
  4345 | D:4      | Found a runed translucent door.
  4421 | D:5      | Entered Level 5 of the Dungeon
  4539 | D:5      | Found a glowing drain.
  4585 | Sewer    | Entered a sewer
  4748 | Sewer    | Reached * piety under Makhleb
  6000 | D:5      | Reached XP level 9. HP: 61/81 MP: 9/9
  6129 | D:5      | Found a glowing golden altar of the Shining One.
  6244 | D:5      | Reached skill level 8 in Fighting
  6322 | D:5      | Found a shadowy altar of Dithmenos.
  6322 | D:5      | Found a sparkling altar of Nemelex Xobeh.
  7295 | D:6      | Identified the +4 ring mail "Keam" {SInv}
  7394 | D:5      | Reached ** piety under Makhleb
  7895 | D:7      | Reached skill level 9 in Fighting
  8360 | D:7      | Reached XP level 10. HP: 68/91 MP: 7/10
  8491 | D:7      | Noticed a cyclops
  8527 | D:7      | Found an opulent altar of Gozag.
  9189 | D:8      | Found a stormy altar of Qazlal.
  9458 | D:8      | Reached skill level 1 in Invocations
  9515 | D:8      | Found a staircase to the Lair.
  9553 | D:8      | Noticed an elephant
  9569 | D:8      | Killed from afar by an electric eel

Skill      XL: |  1  2  3  4  5  6  7  8  9 10 |
---------------+-------------------------------+-----
Fighting       | 4 5 7 9 |  9.5
Polearms       | 3 4 5 6 7 8 |  8.2
Armour         | 4 5 6 8 |  8.6
Shields        | 4 6 8 |  8.2
Invocations    | 1 |  1.8

Action                   |  1- 3 |  4- 6 |  7- 9 | 10-12 || total
-------------------------+-------+-------+-------+-------++-------
Melee: Trident           |   121 |   182 |   645 |    43 ||   991
       Glaive            |       |       |       |    30 ||    30
Throw: Stone             |       |    33 |    83 |    13 ||   129
Evoke: Wand              |       |       |     7 |       ||     7
  Use: Potion            |       |     1 |     7 |     3 ||    11
       Scroll            |       |     3 |     4 |     3 ||    10
 Stab: Invisible         |       |       |     1 |       ||     1
  Eat: Chunk             |       |     5 |     7 |     3 ||    15
       Ration            |       |     1 |     3 |     1 ||     5
Armor: Chain mail        |    51 |    73 |   260 |     7 ||   391
       Plate armour      |       |       |       |    17 ||    17
Dodge: Dodged            |    24 |    26 |   123 |    25 ||   198
Block: Shield            |    43 |    64 |   276 |    13 ||   396
